Wolves vs Devils (R1)

Created - February 4, 2022 at 19:04

Goals
1 2 3 OT1 SO T
Wolves 1 3 1 0 0 5
Devils 2 1 2 0 1 6
Shots
1 2 3 OT1 SO T
Wolves 17 12 12 1 4 42
Devils 12 5 18 0 4 35

1st period

1. Devils , Reid Boucher 5 (Brett Seney 8, Christian Wolanin 3) at 7:16
2. Devils , Valeri Nichushkin 8 (Joonas Donskoi 11, Alan Quine 12) at 15:04 (PP)
3. Wolves , Anton Lindholm 1 (Thomas Spelling 10, Sebastian Aho 18) at 17:28 (PP)

Penalties :
Dylan Coghlan (Chi) for Tripping (Minor) at 13:47, Ben Hutton (Bin) for Diving (Minor) at 17:23

2nd period

4. Wolves , Wade Allison 2 (Dylan Coghlan 1) at 5:24
5. Wolves , Lawson Crouse 13 (Alexandre Grenier 22, Kyle Rau 26) at 11:09 (PP)
6. Devils , Jonny Brodzinski 4 (Mason Marchment 1) at 14:47
7. Wolves , Joe Morrow 6 (Thomas Spelling 11, Sebastian Aho 19) at 16:13

Penalties :
Brett Seney (Bin) for Holding (Minor) at 1:10, Jeffrey Foss (Chi) for Roughing (Minor) at 5:31, Sven Baertschi (Bin) for Roughing (Minor) at 10:58, Sam Bennett (Bin) for Hooking (Minor) at 16:28

3rd period

8. Devils , Valeri Nichushkin 9 (Joonas Donskoi 12, Alan Quine 13) at 5:39
9. Devils , Brandon Carlo 3 (Sam Bennett 24, Logan Shaw 22) at 12:01 (PP)
10. Wolves , Kyle Rau 11 (Joe Morrow 19, Alexandre Grenier 23) at 19:23

Penalties :
Antti Suomela (Chi) for Cross-checking (Minor) at 8:21, Alexandre Grenier (Chi) for Holding (Minor) at 10:44, Jeffrey Foss (Chi) for Holding (Minor) at 12:29

Overtime #1

No Goal

Penalties :
No Penalty

Shootout

Wolves, Alexandre Grenier - Stopped by Calvin Pickard
Devils, Logan Shaw - Stopped by Laurent Brossoit
Wolves, Kyle Rau - Stopped by Calvin Pickard
Devils, Sven Baertschi - Stopped by Laurent Brossoit
Wolves, Sebastian Aho - Stopped by Calvin Pickard
Devils, Sam Bennett - Stopped by Laurent Brossoit
Wolves, Lawson Crouse - Stopped by Calvin Pickard
Devils, Joonas Donskoi - Goal!

Penalties :
No Penalty

Goalie Stats

Laurent Brossoit (Chi), 30 saves from 35 shots - (0.857), OTL, 13-4-3, 64:22 minutes
Calvin Pickard (Bin), 37 saves from 42 shots - (0.881), W, 6-12-1, 65:00 minutes

Players Stats for Wolves

Player Name              G  A  P  +/- PIM S  H  SB GA TA FO     MP     PP MP  PK MP  
------------------------------------------------------------------------------------
Alexandre Grenier        0  2  2   0  2   9  3  0  0  0  6/11   26:19   2:29   4:27 
Anton Lindholm           1  0  1  -1  0   1  1  6  0  2  0/0    21:43   1:36   3:13 
Antti Suomela            0  0  0   0  2   0  1  1  0  0  3/6    11:22   0:00   0:13 
Dylan Coghlan            0  1  1   1  2   0  0  0  0  1  0/0    13:55   0:00   2:48 
Eric Robinson            0  0  0  -1  0   0  1  0  0  0  0/0    15:31   1:45   1:11 
Fredrik Olofsson         0  0  0   0  0   1  0  1  0  0  0/1    10:46   0:00   0:00 
Jalen Chatfield          0  0  0   1  0   0  1  0  0  0  0/0    10:31   0:00   0:00 
Jeff Petry               0  0  0  -1  0   0  0  1  0  3  0/0    21:39   1:36   3:13 
Jeffrey Foss             0  0  0   0  4   2  4  1  0  0  0/0    29:30   2:38   2:30 
Joe Morrow               1  1  2   0  0   5  2  2  1  0  0/0    32:48   2:38   5:18 
Joona Koppanen           0  0  0   0  0   0  0  0  0  0  0/0     0:00   0:00   0:00 
Kevin Stenlund           0  0  0   0  0   0  0  0  0  0  0/0     1:10   0:00   0:00 
Kieffer Bellows          0  0  0   1  0   0  0  0  1  0  0/0     6:50   0:00   0:00 
Kyle Rau                 1  1  2   0  0   6  3  0  1  2  24/40  27:09   2:29   5:16 
Lawson Crouse            1  0  1   0  0   5  2  1  0  0  0/1    23:13   2:29   2:04 
Liam O'Brien             0  0  0   0  0   0  0  0  0  0  0/0     1:10   0:00   0:00 
Matthew Highmore         0  0  0   1  0   2  1  1  1  0  2/3     6:50   0:00   0:00 
Sebastian Aho            0  2  2  -1  0   5  0  1  2  0  10/12  17:15   1:45   2:04 
Thomas Spelling          0  2  2  -1  0   3  3  1  2  0  2/2    13:41   1:45   0:00 
Victor Olofsson          0  0  0   0  0   1  1  0  0  0  0/0    10:46   0:00   0:00 
Wade Allison             1  0  1   1  0   2  0  0  1  0  0/0     6:50   0:00   0:00 
Zachary Senyshyn         0  0  0   0  0   0  0  0  0  0  1/2     2:26   0:00   1:47 

Players Stats for Devils

Player Name              G  A  P  +/- PIM S  H  SB GA TA FO     MP     PP MP  PK MP  
------------------------------------------------------------------------------------
Alan Quine               0  2  2   0  0   4  1  0  1  0  3/12   18:57   3:54   1:30 
Ben Hutton               0  0  0  -1  2   0  2  5  2  0  0/0    30:07   5:37   2:35 
Brandon Carlo            1  0  1  -1  0   2  1  0  0  3  0/0    30:13   5:37   2:40 
Brett Howden             0  0  0   0  0   0  1  0  0  1  2/3     8:09   0:00   0:00 
Brett Seney              0  1  1   1  2   3  0  0  0  0  0/1    13:20   0:00   0:52 
Christian Wolanin        0  1  1   2  0   0  0  0  0  0  0/0    12:30   2:54   0:00 
Conor Garland            0  0  0   1  0   0  1  0  0  0  0/0    11:04   0:00   0:00 
Dalton Thrower           0  0  0  -1  0   1  2  2  1  2  0/0    18:02   0:00   1:34 
Darren Dietz             0  0  0  -1  0   0  1  1  1  1  0/0    20:56   2:54   1:34 
Ilya Lyubushkin          0  0  0   2  0   0  0  2  0  0  0/0     8:54   0:00   0:00 
Jake Bean                0  0  0   0  0   0  0  0  0  0  0/0     4:15   0:00   0:00 
Jonny Brodzinski         1  0  1   0  0   2  0  1  0  0  0/0     7:57   0:00   0:00 
Joonas Donskoi           0  2  2   0  0   2  0  2  0  0  1/2    15:49   3:54   0:00 
Logan Shaw               0  1  1  -1  0   1  0  0  0  0  1/2    21:13   4:37   0:25 
Mason Marchment          0  1  1   0  0   0  0  0  1  0  0/0     8:25   0:00   0:14 
Reid Boucher             1  0  1   1  0   4  2  0  0  1  4/7    12:24   0:00   0:00 
Robbie Russo             0  0  0   0  0   1  1  0  0  1  0/0     5:02   0:00   0:05 
Sam Bennett              0  1  1  -1  2   3  0  1  0  0  17/46  24:13   4:37   1:30 
Sven Baertschi           0  0  0  -1  2   4  2  1  2  0  1/2    25:13   4:37   2:25 
Valeri Nichushkin        2  0  2   0  0   8  2  1  0  0  1/3    18:59   3:54   1:32 

3 Stars

1 - Valeri Nichushkin (Bin)
2 - Kyle Rau (Chi)
3 - Joe Morrow (Chi)

Power Play

Wolves - 2 on 4 Attempt(s) - 50.00%
Devils - 2 on 5 Attempt(s) - 40.00%

Penalty Kill

Wolves - 3 on 5 Attempt(s) - 60.00% - Score 0 goal in Penalty Kill
Devils - 2 on 4 Attempt(s) - 50.00% - Score 0 goal in Penalty Kill

Team Stat

Wolves - Hits : 23 - Faceoff Wins : 48 - Blocked Shots : 16 - Penalty Minutes : 10
Devils - Hits : 16 - Faceoff Wins : 30 - Blocked Shots : 16 - Penalty Minutes : 8

Official

Referees : Reid Anderson and Kelly Sutherland
Linesman : Pierre Racicot and Jesse Marquis

Game Notes

No Game Note

Finance

Level 1 -- Attendance: 1999 (99.95%) -- Ticket Income $69,965
Level 2 -- Attendance: 888 (88.80%) -- Ticket Income $13,320
Total Attendance: 2887 (96.23%)
Total Ticket Income: $83,285
Other Income: $4,164
Total Income: $87,449

Wolves

5 vs 5 Forward 
   Center                   Left Wing                Right Wing               Time % Phy DF OF 
 1 Kyle Rau                 Lawson Crouse            Alexandre Grenier        40     1   2  2  
 2 Sebastian Aho            Eric Robinson            Thomas Spelling          30     1   2  2  
 3 Antti Suomela            Fredrik Olofsson         Victor Olofsson          20     1   2  2  
 4 Matthew Highmore         Kieffer Bellows          Wade Allison             10     1   2  2  

5 vs 5 Defense 
   Defense                  Defense                                           Time % Phy DF OF 
 1 Jeffrey Foss             Joe Morrow                                        40     1   2  2  
 2 Anton Lindholm           Jeff Petry                                        30     1   2  2  
 3 Jalen Chatfield          Dylan Coghlan                                     20     1   2  2  
 4 Jeffrey Foss             Joe Morrow                                        10     1   2  2  

PowerPlay Forward 
   Center                   Left Wing                Right Wing               Time % Phy DF OF 
 1 Kyle Rau                 Lawson Crouse            Alexandre Grenier        60     1   2  2  
 2 Sebastian Aho            Eric Robinson            Thomas Spelling          40     1   2  2  

PowerPlay Defense
   Defense                  Defense                                           Time % Phy DF OF 
 1 Jeffrey Foss             Joe Morrow                                        60     1   2  2  
 2 Anton Lindholm           Jeff Petry                                        40     1   2  2  

Penalty Kill 4 Players Forward 
   Center                   Wing                     Time % Phy DF OF 
 1 Alexandre Grenier        Kyle Rau                 60     1   2  2  
 2 Sebastian Aho            Lawson Crouse            40     1   2  2  

Penalty Kill 4 Players Defense
   Defense                  Defense                  Time % Phy DF OF 
 1 Jeffrey Foss             Joe Morrow               60     1   2  2  
 2 Anton Lindholm           Jeff Petry               40     1   2  2  

Penalty Kill - 3 Players Forward 
   Forward                                           Time % Phy DF OF 
 1 Alexandre Grenier                                 60     1   2  2  
 2 Kyle Rau                                          40     1   2  2  

Penalty Kill - 3 Players Defense
   Defense                  Defense                  Time % Phy DF OF 
 1 Jeffrey Foss             Joe Morrow               60     1   2  2  
 2 Anton Lindholm           Jeff Petry               40     1   2  2  

4 vs 4 Forward 
   Center                   Wing                     Time % Phy DF OF 
 1 Alexandre Grenier        Kyle Rau                 60     1   2  2  
 2 Sebastian Aho            Lawson Crouse            40     1   2  2  

4 vs 4 Defense
   Defense                  Defense                  Time % Phy DF OF 
 1 Jeffrey Foss             Joe Morrow               60     1   2  2  
 2 Anton Lindholm           Jeff Petry               40     1   2  2  

Last Minutes Offensive
   Center                   Left Wing                Right Wing               Defense                  Defense                  
   Kyle Rau                 Lawson Crouse            Alexandre Grenier        Jeffrey Foss             Joe Morrow               

Last Minutes Defensive
   Center                   Left Wing                Right Wing               Defense                  Defense                  
   Kyle Rau                 Lawson Crouse            Alexandre Grenier        Jeffrey Foss             Joe Morrow               

Goaltenders
Starting : Laurent Brossoit         
Backup : Ebbe Siönäs              

Extra Forwards
Normal : Liam O'Brien, Kevin Stenlund, Zachary Senyshyn - PP : Liam O'Brien, Kevin Stenlund - PK : Zachary Senyshyn
Extra Defensemen
Normal : Jalen Chatfield, Dylan Coghlan, Anton Lindholm - PP : Jalen Chatfield - PK : Dylan Coghlan, Anton Lindholm
Penalty Shots
Alexandre Grenier, Kyle Rau, Sebastian Aho, Lawson Crouse, Thomas Spelling

Scratches
Jakub Zboril (Healthy), Max Friberg (Healthy), Samuel Girard (Healthy)

Devils

5 vs 5 Forward 
   Center                   Left Wing                Right Wing               Time % Phy DF OF 
 1 Sam Bennett              Sven Baertschi           Logan Shaw               40     0   2  3  
 2 Alan Quine               Valeri Nichushkin        Joonas Donskoi           30     0   2  3  
 3 Reid Boucher             Brett Seney              Conor Garland            20     0   2  3  
 4 Brett Howden             Mason Marchment          Jonny Brodzinski         10     0   2  3  

5 vs 5 Defense 
   Defense                  Defense                                           Time % Phy DF OF 
 1 Brandon Carlo            Ben Hutton                                        40     0   3  2  
 2 Darren Dietz             Dalton Thrower                                    30     0   3  2  
 3 Ilya Lyubushkin          Christian Wolanin                                 20     0   3  2  
 4 Robbie Russo             Jake Bean                                         10     0   3  2  

PowerPlay Forward 
   Center                   Left Wing                Right Wing               Time % Phy DF OF 
 1 Sam Bennett              Sven Baertschi           Logan Shaw               60     0   1  4  
 2 Alan Quine               Valeri Nichushkin        Joonas Donskoi           40     0   1  4  

PowerPlay Defense
   Defense                  Defense                                           Time % Phy DF OF 
 1 Brandon Carlo            Ben Hutton                                        60     0   2  3  
 2 Darren Dietz             Christian Wolanin                                 40     0   2  3  

Penalty Kill 4 Players Forward 
   Center                   Wing                     Time % Phy DF OF 
 1 Sam Bennett              Sven Baertschi           60     1   4  0  
 2 Alan Quine               Logan Shaw               40     1   4  0  

Penalty Kill 4 Players Defense
   Defense                  Defense                  Time % Phy DF OF 
 1 Brandon Carlo            Ben Hutton               60     1   4  0  
 2 Darren Dietz             Dalton Thrower           40     1   4  0  

Penalty Kill - 3 Players Forward 
   Forward                                           Time % Phy DF OF 
 1 Sam Bennett                                       60     1   3  1  
 2 Alan Quine                                        40     1   3  1  

Penalty Kill - 3 Players Defense
   Defense                  Defense                  Time % Phy DF OF 
 1 Brandon Carlo            Ben Hutton               60     1   4  0  
 2 Darren Dietz             Dalton Thrower           40     1   4  0  

4 vs 4 Forward 
   Center                   Wing                     Time % Phy DF OF 
 1 Sam Bennett              Sven Baertschi           60     0   2  3  
 2 Alan Quine               Valeri Nichushkin        40     0   2  3  

4 vs 4 Defense
   Defense                  Defense                  Time % Phy DF OF 
 1 Brandon Carlo            Ben Hutton               60     0   3  2  
 2 Darren Dietz             Dalton Thrower           40     0   3  2  

Last Minutes Offensive
   Center                   Left Wing                Right Wing               Defense                  Defense                  
   Sam Bennett              Sven Baertschi           Logan Shaw               Brandon Carlo            Ben Hutton               

Last Minutes Defensive
   Center                   Left Wing                Right Wing               Defense                  Defense                  
   Sam Bennett              Sven Baertschi           Logan Shaw               Brandon Carlo            Ben Hutton               

Goaltenders
Starting : Calvin Pickard           
Backup : Juuse Saros              

Extra Forwards
Normal : Valeri Nichushkin, Alan Quine, Reid Boucher - PP : Valeri Nichushkin, Alan Quine - PK : Valeri Nichushkin
Extra Defensemen
Normal : Robbie Russo, Christian Wolanin, Jake Bean - PP : Robbie Russo - PK : Robbie Russo, Christian Wolanin
Penalty Shots
Logan Shaw, Sven Baertschi, Sam Bennett, Joonas Donskoi, Valeri Nichushkin

Scratches
Cristiano Digiacinto (Healthy), Vincent Desharnais (Healthy)

% Time on Ice - Wolves

Lines # - Real PCT - Wanted PCT - Time Play
Normal Forward
1 - 37% - 40% - 17:09
2 - 26% - 30% - 12:05
3 - 23% - 20% - 10:46
4 - 15% - 10% - 6:50
Normal Defense
1 - 44% - 40% - 20:23
2 - 32% - 30% - 15:00
3 - 18% - 20% - 8:34
4 - 6% - 10% - 2:53
PP Forward
1 - 59% - 60% - 2:29
2 - 41% - 40% - 1:45
PP Defense
1 - 62% - 60% - 2:38
2 - 38% - 40% - 1:36
PK Forward
1 - 76% - 60% - 6:27
2 - 24% - 40% - 2:04
PK Defense
1 - 62% - 60% - 5:18
2 - 38% - 40% - 3:13
PK3 Forward
1 - 0% - 60%
2 - 0% - 40%
PK3 Defense
1 - 0% - 60%
2 - 0% - 40%
44 Forward
1 - 73% - 60% - 3:39
2 - 27% - 40% - 1:21
44 Defense
1 - 65% - 60% - 3:15
2 - 35% - 40% - 1:45
Last Minute Offensive  - 0:25
Last Minute Defensive  - 0:00
Total
Forward - 65:00
Defense - 65:00

% Time on Ice - Devils

Lines # - Real PCT - Wanted PCT - Time Play
Normal Forward
1 - 34% - 40% - 15:55
2 - 26% - 30% - 12:20
3 - 23% - 20% - 10:39
4 - 17% - 10% - 7:57
Normal Defense
1 - 41% - 40% - 19:07
2 - 31% - 30% - 14:35
3 - 19% - 20% - 8:54
4 - 9% - 10% - 4:15
PP Forward
1 - 54% - 60% - 4:37
2 - 46% - 40% - 3:54
PP Defense
1 - 66% - 60% - 5:37
2 - 34% - 40% - 2:54
PK Forward
1 - 90% - 60% - 3:49
2 - 10% - 40% - 0:25
PK Defense
1 - 63% - 60% - 2:40
2 - 37% - 40% - 1:34
PK3 Forward
1 - 0% - 60%
2 - 0% - 40%
PK3 Defense
1 - 0% - 60%
2 - 0% - 40%
44 Forward
1 - 90% - 60% - 4:30
2 - 10% - 40% - 0:30
44 Defense
1 - 62% - 60% - 3:07
2 - 38% - 40% - 1:53
Last Minute Offensive  - 0:00
Last Minute Defensive  - 0:24
Total
Forward - 65:00
Defense - 65:00

Play-by-Play

1st period


0:01 of 1st period - Kyle Rau wins face-off versus Sam Bennett in neutral zone.
1:37 of 1st period - Snap shot by Valeri Nichushkin.
1:37 of 1st period - Stopped by Laurent Brossoit with a rebound.
2:15 of 1st period - Wrist shot by Reid Boucher.
2:15 of 1st period - Shot Misses the Net.
2:17 of 1st period - Snap shot by Brandon Carlo.
2:17 of 1st period - Deflect By Reid Boucher.
2:17 of 1st period - Stopped by Laurent Brossoit without a rebound.
2:18 of 1st period - Matthew Highmore wins face-off versus Alan Quine in Wolves zone.
3:06 of 1st period - Slapshot by Thomas Spelling.
3:06 of 1st period - Shot Blocked by Darren Dietz.
3:24 of 1st period - Brett Howden is hit by Matthew Highmore and loses puck.
4:18 of 1st period - Ilya Lyubushkin is hit by Thomas Spelling and loses puck.
5:04 of 1st period - Slapshot by Victor Olofsson.
5:04 of 1st period - Deflect By Antti Suomela.
5:04 of 1st period - Shot Misses the Net.
5:04 of 1st period - Puck is out of play.
5:05 of 1st period - Sam Bennett wins face-off versus Kyle Rau in Devils zone.
5:16 of 1st period - Wrist shot by Sven Baertschi.
5:16 of 1st period - Shot Misses the Net.
5:35 of 1st period - Wrist shot by Alan Quine.
5:35 of 1st period - Stopped by Laurent Brossoit with a rebound.
5:57 of 1st period - Wrist shot by Alan Quine.
5:57 of 1st period - Stopped by Laurent Brossoit with a rebound.
6:03 of 1st period - Valeri Nichushkin is hit by Joe Morrow and loses puck.
6:39 of 1st period - Robbie Russo is hit by Eric Robinson and loses puck.
6:45 of 1st period - Off-side.
6:46 of 1st period - Sebastian Aho wins face-off versus Sam Bennett in neutral zone.
6:49 of 1st period - Slapshot by Eric Robinson.
6:49 of 1st period - Shot Blocked by Ilya Lyubushkin.
7:16 of 1st period - Wrist shot by Brett Seney.
7:16 of 1st period - Deflect By Reid Boucher.
7:16 of 1st period - Goal by Reid Boucher - Wolves : 0 - Devils : 1.
7:17 of 1st period - Kyle Rau wins face-off versus Sam Bennett in neutral zone.
8:04 of 1st period - Snap shot by Reid Boucher.
8:04 of 1st period - Stopped by Laurent Brossoit with a rebound.
8:06 of 1st period - Slapshot by Brandon Carlo.
8:06 of 1st period - Shot Misses the Net.
8:21 of 1st period - Icing by Brett Howden.
8:22 of 1st period - Brett Howden wins face-off versus Matthew Highmore in Devils zone.
9:15 of 1st period - Wrist shot by Sebastian Aho.
9:15 of 1st period - Stopped by Calvin Pickard without a rebound.
9:16 of 1st period - Sebastian Aho wins face-off versus Alan Quine in Devils zone.
9:19 of 1st period - Snap shot by Sebastian Aho.
9:19 of 1st period - Stopped by Calvin Pickard without a rebound.
9:20 of 1st period - Sebastian Aho wins face-off versus Alan Quine in Devils zone.
9:44 of 1st period - Off-side.
9:45 of 1st period - Sam Bennett wins face-off versus Antti Suomela in neutral zone.
10:22 of 1st period - Wrist shot by Sven Baertschi.
10:22 of 1st period - Stopped by Laurent Brossoit without a rebound.
10:23 of 1st period - Kyle Rau wins face-off versus Brett Seney in Wolves zone.
10:23 of 1st period - Kyle Rau is hit by Reid Boucher.
10:29 of 1st period - Darren Dietz is hit by Alexandre Grenier and loses puck.
10:34 of 1st period - Wrist shot by Alexandre Grenier.
10:34 of 1st period - Shot Misses the Net.
12:43 of 1st period - Wrist shot by Conor Garland.
12:43 of 1st period - Shot Hit the Post.
12:45 of 1st period - Wrist shot by Conor Garland.
12:45 of 1st period - Shot Misses the Net.
12:47 of 1st period - Snap shot by Brett Seney.
12:47 of 1st period - Stopped by Laurent Brossoit with a rebound.
12:49 of 1st period - Slapshot by Robbie Russo.
12:49 of 1st period - Stopped by Laurent Brossoit with a rebound.
12:51 of 1st period - Slapshot by Robbie Russo.
12:51 of 1st period - Shot Blocked by Matthew Highmore.
12:59 of 1st period - Wrist shot by Wade Allison.
12:59 of 1st period - Shot Blocked by Ilya Lyubushkin.
13:01 of 1st period - Slapshot by Joe Morrow.
13:01 of 1st period - Stopped by Calvin Pickard without a rebound.
13:02 of 1st period - Logan Shaw wins face-off versus Lawson Crouse in Devils zone.
13:29 of 1st period - Anton Lindholm is hit by Dalton Thrower and loses puck.
13:36 of 1st period - Brett Howden is hit by Thomas Spelling and loses puck.
13:47 of 1st period - Minor Penalty to Dylan Coghlan for Tripping.
13:48 of 1st period - Alexandre Grenier wins face-off versus Sam Bennett in Wolves zone.
14:01 of 1st period - Wrist shot by Alexandre Grenier.
14:01 of 1st period - Shot Blocked by Ben Hutton.
14:15 of 1st period - Jeffrey Foss is hit by Valeri Nichushkin and loses puck.
14:26 of 1st period - Snap shot by Valeri Nichushkin.
14:26 of 1st period - Stopped by Laurent Brossoit without a rebound.
14:27 of 1st period - Sam Bennett wins face-off versus Kyle Rau in Wolves zone.
14:38 of 1st period - Slapshot by Sam Bennett.
14:38 of 1st period - Shot Blocked by Anton Lindholm.
15:04 of 1st period - Snap shot by Valeri Nichushkin.
15:04 of 1st period - Goal by Valeri Nichushkin - Wolves : 0 - Devils : 2.
15:05 of 1st period - Kyle Rau wins face-off versus Sam Bennett in neutral zone.
15:10 of 1st period - Snap shot by Kyle Rau.
15:10 of 1st period - Stopped by Calvin Pickard without a rebound.
15:11 of 1st period - Kyle Rau wins face-off versus Sam Bennett in Devils zone.
15:12 of 1st period - Wrist shot by Alexandre Grenier.
15:12 of 1st period - Stopped by Calvin Pickard with a rebound.
15:14 of 1st period - Snap shot by Alexandre Grenier.
15:14 of 1st period - Stopped by Calvin Pickard with a rebound.
15:16 of 1st period - Snap shot by Kyle Rau.
15:16 of 1st period - Shot Misses the Net.
15:18 of 1st period - Slapshot by Lawson Crouse.
15:18 of 1st period - Shot Misses the Net.
15:22 of 1st period - Wrist shot by Alexandre Grenier.
15:22 of 1st period - Shot Blocked by Sam Bennett.
15:24 of 1st period - Slapshot by Jeffrey Foss.
15:24 of 1st period - Deflect By Lawson Crouse.
15:24 of 1st period - Stopped by Calvin Pickard without a rebound.
15:25 of 1st period - Kyle Rau wins face-off versus Sam Bennett in Devils zone.
16:02 of 1st period - Jeffrey Foss is hit by Brett Howden and loses puck.
16:11 of 1st period - Christian Wolanin is hit by Lawson Crouse and loses puck.
17:04 of 1st period - Wrist shot by Alexandre Grenier.
17:04 of 1st period - Shot Misses the Net.
17:08 of 1st period - Backhand shot by Kyle Rau.
17:08 of 1st period - Stopped by Calvin Pickard with a rebound.
17:10 of 1st period - Slapshot by Joe Morrow.
17:10 of 1st period - Stopped by Calvin Pickard with a rebound.
17:12 of 1st period - Slapshot by Kyle Rau.
17:12 of 1st period - Stopped by Calvin Pickard with a rebound.
17:14 of 1st period - Slapshot by Lawson Crouse.
17:14 of 1st period - Shot Blocked by Jonny Brodzinski.
17:16 of 1st period - Snap shot by Kyle Rau.
17:16 of 1st period - Stopped by Calvin Pickard without a rebound.
17:17 of 1st period - Sebastian Aho wins face-off versus Sam Bennett in Devils zone.
17:23 of 1st period - Minor Penalty to Ben Hutton for Diving.
17:24 of 1st period - Sebastian Aho wins face-off versus Sam Bennett in Devils zone.
17:26 of 1st period - Wrist shot by Thomas Spelling.
17:26 of 1st period - Stopped by Calvin Pickard with a rebound.
17:28 of 1st period - Slapshot by Anton Lindholm.
17:28 of 1st period - Goal by Anton Lindholm - Wolves : 1 - Devils : 2.
17:29 of 1st period - Sven Baertschi wins face-off versus Sebastian Aho in neutral zone.
17:34 of 1st period - Backhand shot by Sven Baertschi.
17:34 of 1st period - Stopped by Laurent Brossoit with a rebound.
18:22 of 1st period - Snap shot by Wade Allison.
18:22 of 1st period - Stopped by Calvin Pickard without a rebound.
18:23 of 1st period - Sebastian Aho wins face-off versus Sam Bennett in Devils zone.
18:28 of 1st period - Snap shot by Thomas Spelling.
18:28 of 1st period - Deflect By Sebastian Aho.
18:28 of 1st period - Stopped by Calvin Pickard with a rebound.
18:30 of 1st period - Snap shot by Sebastian Aho.
18:30 of 1st period - Shot Misses the Net.
18:34 of 1st period - Wrist shot by Thomas Spelling.
18:34 of 1st period - Stopped by Calvin Pickard with a rebound.
18:36 of 1st period - Backhand shot by Sebastian Aho.
18:36 of 1st period - Stopped by Calvin Pickard without a rebound.
18:37 of 1st period - Valeri Nichushkin wins face-off versus Kyle Rau in Devils zone.
18:47 of 1st period - Off-side.
18:48 of 1st period - Alexandre Grenier wins face-off versus Sam Bennett in neutral zone.
18:50 of 1st period - Off-side.
18:51 of 1st period - Kyle Rau wins face-off versus Sam Bennett in neutral zone.
19:20 of 1st period - Alan Quine is hit by Thomas Spelling and loses puck.
Goals for this period are 1 for Wolves vs 2 for Devils.
Shots for this period are 17 for Wolves vs 12 for Devils.

2nd period


0:01 of 2nd period - Kyle Rau wins face-off versus Logan Shaw in neutral zone.
0:06 of 2nd period - Snap shot by Alexandre Grenier.
0:06 of 2nd period - Deflect By Kyle Rau.
0:06 of 2nd period - Shot Misses the Net.
0:06 of 2nd period - Puck is out of play.
0:07 of 2nd period - Sam Bennett wins face-off versus Kyle Rau in Devils zone.
1:10 of 2nd period - Minor Penalty to Brett Seney for Holding.
1:11 of 2nd period - Kyle Rau wins face-off versus Sam Bennett in Devils zone.
1:16 of 2nd period - Snap shot by Alexandre Grenier.
1:16 of 2nd period - Stopped by Calvin Pickard without a rebound.
1:17 of 2nd period - Sam Bennett wins face-off versus Kyle Rau in Devils zone.
1:30 of 2nd period - Sven Baertschi is hit by Kyle Rau and loses puck.
1:49 of 2nd period - Snap shot by Alexandre Grenier.
1:49 of 2nd period - Deflect By Sven Baertschi.
1:49 of 2nd period - Shot Misses the Net.
1:49 of 2nd period - Puck is out of play.
1:50 of 2nd period - Sam Bennett wins face-off versus Sebastian Aho in Devils zone.
1:50 of 2nd period - Sam Bennett is hit by Anton Lindholm.
3:10 of 2nd period - Penalty to Brett Seney is over, Brett Seney is back on ice.
3:39 of 2nd period - Off-side.
3:40 of 2nd period - Matthew Highmore wins face-off versus Brett Howden in neutral zone.
4:06 of 2nd period - Icing by Joonas Donskoi.
4:07 of 2nd period - Antti Suomela wins face-off versus Alan Quine in Devils zone.
4:14 of 2nd period - Slapshot by Joe Morrow.
4:14 of 2nd period - Shot Blocked by Joonas Donskoi.
4:34 of 2nd period - Ben Hutton is hit by Jeffrey Foss and loses puck.
4:53 of 2nd period - Slapshot by Conor Garland.
4:53 of 2nd period - Shot Blocked by Anton Lindholm.
5:24 of 2nd period - Slapshot by Wade Allison.
5:24 of 2nd period - Goal by Wade Allison - Wolves : 2 - Devils : 2.
5:25 of 2nd period - Sam Bennett wins face-off versus Kyle Rau in neutral zone.
5:31 of 2nd period - Minor Penalty to Jeffrey Foss for Roughing.
5:32 of 2nd period - Alexandre Grenier wins face-off versus Sam Bennett in Wolves zone.
5:38 of 2nd period - Ben Hutton is hit by Alexandre Grenier.
5:44 of 2nd period - Dylan Coghlan is hit by Sven Baertschi and loses puck.
6:18 of 2nd period - Icing by Joonas Donskoi.
6:19 of 2nd period - Joonas Donskoi wins face-off versus Alexandre Grenier in Devils zone.
6:32 of 2nd period - Slapshot by Joonas Donskoi.
6:32 of 2nd period - Shot Blocked by Anton Lindholm.
6:36 of 2nd period - Snap shot by Joonas Donskoi.
6:36 of 2nd period - Shot Misses the Net.
6:38 of 2nd period - Snap shot by Joonas Donskoi.
6:38 of 2nd period - Stopped by Laurent Brossoit with a rebound.
6:40 of 2nd period - Slapshot by Christian Wolanin.
6:40 of 2nd period - Shot Blocked by Anton Lindholm.
7:31 of 2nd period - Penalty to Jeffrey Foss is over, Jeffrey Foss is back on ice.
7:52 of 2nd period - Snap shot by Conor Garland.
7:52 of 2nd period - Shot Misses the Net.
8:14 of 2nd period - Wrist shot by Jonny Brodzinski.
8:14 of 2nd period - Shot Misses the Net.
9:27 of 2nd period - Slapshot by Jonny Brodzinski.
9:27 of 2nd period - Shot Misses the Net.
9:29 of 2nd period - Wrist shot by Jonny Brodzinski.
9:29 of 2nd period - Shot Misses the Net.
9:31 of 2nd period - Wrist shot by Darren Dietz.
9:31 of 2nd period - Shot Misses the Net.
9:51 of 2nd period - Wrist shot by Matthew Highmore.
9:51 of 2nd period - Stopped by Calvin Pickard with a rebound.
10:05 of 2nd period - Snap shot by Alexandre Grenier.
10:05 of 2nd period - Stopped by Calvin Pickard with a rebound.
10:25 of 2nd period - Jalen Chatfield is hit by Alan Quine and loses puck.
10:32 of 2nd period - Slapshot by Alan Quine.
10:32 of 2nd period - Deflect By Valeri Nichushkin.
10:32 of 2nd period - Shot Misses the Net.
10:32 of 2nd period - Puck is out of play.
10:33 of 2nd period - Kyle Rau wins face-off versus Alan Quine in Wolves zone.
10:40 of 2nd period - Alan Quine is hit by Jeffrey Foss and loses puck.
10:58 of 2nd period - Minor Penalty to Sven Baertschi for Roughing.
10:59 of 2nd period - Kyle Rau wins face-off versus Sam Bennett in Devils zone.
11:09 of 2nd period - Wrist shot by Lawson Crouse.
11:09 of 2nd period - Goal by Lawson Crouse - Wolves : 3 - Devils : 2.
11:10 of 2nd period - Kyle Rau wins face-off versus Sam Bennett in neutral zone.
12:03 of 2nd period - Fredrik Olofsson is hit by Reid Boucher and loses puck.
12:40 of 2nd period - Kyle Rau is hit by Dalton Thrower and loses puck.
13:11 of 2nd period - Alan Quine is hit by Joe Morrow and loses puck.
13:50 of 2nd period - Snap shot by Kyle Rau.
13:50 of 2nd period - Deflect By Sam Bennett.
13:50 of 2nd period - Stopped by Calvin Pickard with a rebound.
14:47 of 2nd period - Slapshot by Jonny Brodzinski.
14:47 of 2nd period - Goal by Jonny Brodzinski - Wolves : 3 - Devils : 3.
14:48 of 2nd period - Sam Bennett wins face-off versus Kyle Rau in neutral zone.
14:55 of 2nd period - Snap shot by Logan Shaw.
14:55 of 2nd period - Stopped by Laurent Brossoit without a rebound.
14:56 of 2nd period - Kyle Rau wins face-off versus Sam Bennett in Wolves zone.
15:11 of 2nd period - Wrist shot by Logan Shaw.
15:11 of 2nd period - Shot Blocked by Lawson Crouse.
15:43 of 2nd period - Anton Lindholm is hit by Ben Hutton and loses puck.
15:48 of 2nd period - Slapshot by Ben Hutton.
15:48 of 2nd period - Deflect By Brett Seney.
15:48 of 2nd period - Stopped by Laurent Brossoit without a rebound.
15:49 of 2nd period - Kyle Rau wins face-off versus Sam Bennett in Wolves zone.
16:05 of 2nd period - Snap shot by Alexandre Grenier.
16:05 of 2nd period - Stopped by Calvin Pickard without a rebound.
16:06 of 2nd period - Sebastian Aho wins face-off versus Alan Quine in Devils zone.
16:11 of 2nd period - Snap shot by Thomas Spelling.
16:11 of 2nd period - Shot Blocked by Dalton Thrower.
16:13 of 2nd period - Slapshot by Joe Morrow.
16:13 of 2nd period - Goal by Joe Morrow - Wolves : 4 - Devils : 3.
16:14 of 2nd period - Sam Bennett wins face-off versus Kyle Rau in neutral zone.
16:17 of 2nd period - Slapshot by Brandon Carlo.
16:17 of 2nd period - Stopped by Laurent Brossoit with a rebound.
16:28 of 2nd period - Minor Penalty to Sam Bennett for Hooking.
16:29 of 2nd period - Kyle Rau wins face-off versus Valeri Nichushkin in Devils zone.
16:31 of 2nd period - Snap shot by Lawson Crouse.
16:31 of 2nd period - Shot Blocked by Valeri Nichushkin.
16:33 of 2nd period - Snap shot by Alexandre Grenier.
16:33 of 2nd period - Shot Blocked by Sven Baertschi.
16:35 of 2nd period - Slapshot by Joe Morrow.
16:35 of 2nd period - Shot Blocked by Ben Hutton.
16:37 of 2nd period - Backhand shot by Jeffrey Foss.
16:37 of 2nd period - Shot Blocked by Ben Hutton.
16:39 of 2nd period - Slapshot by Jeffrey Foss.
16:39 of 2nd period - Stopped by Calvin Pickard with a rebound.
16:41 of 2nd period - Slapshot by Jeffrey Foss.
16:41 of 2nd period - Shot Blocked by Ben Hutton.
16:45 of 2nd period - Slapshot by Alexandre Grenier.
16:45 of 2nd period - Stopped by Calvin Pickard with a rebound.
16:57 of 2nd period - Snap shot by Sven Baertschi.
16:57 of 2nd period - Shot Blocked by Joe Morrow.
17:09 of 2nd period - Snap shot by Brett Seney.
17:09 of 2nd period - Shot Misses the Net.
17:32 of 2nd period - Icing by Lawson Crouse.
17:33 of 2nd period - Kyle Rau wins face-off versus Valeri Nichushkin in Wolves zone.
18:28 of 2nd period - Penalty to Sam Bennett is over, Sam Bennett is back on ice.
18:38 of 2nd period - Snap shot by Victor Olofsson.
18:38 of 2nd period - Shot Blocked by Dalton Thrower.
18:40 of 2nd period - Wrist shot by Victor Olofsson.
18:40 of 2nd period - Stopped by Calvin Pickard with a rebound.
19:22 of 2nd period - Snap shot by Fredrik Olofsson.
19:22 of 2nd period - Stopped by Calvin Pickard with a rebound.
19:44 of 2nd period - Jonny Brodzinski is hit by Kyle Rau and loses puck.
19:59 of 2nd period - Snap shot by Sebastian Aho.
19:59 of 2nd period - Shot Misses the Net.
Goals for this period are 3 for Wolves vs 1 for Devils.
Shots for this period are 12 for Wolves vs 5 for Devils.

3rd period


0:01 of 3rd period - Kyle Rau wins face-off versus Sam Bennett in neutral zone.
0:10 of 3rd period - Wrist shot by Alexandre Grenier.
0:10 of 3rd period - Stopped by Calvin Pickard with a rebound.
0:12 of 3rd period - Snap shot by Alexandre Grenier.
0:12 of 3rd period - Shot Misses the Net.
0:14 of 3rd period - Wrist shot by Jeffrey Foss.
0:14 of 3rd period - Stopped by Calvin Pickard with a rebound.
0:16 of 3rd period - Snap shot by Alexandre Grenier.
0:16 of 3rd period - Stopped by Calvin Pickard with a rebound.
0:26 of 3rd period - Ben Hutton is hit by Jeffrey Foss and loses puck.
0:35 of 3rd period - Anton Lindholm is hit by Ben Hutton and loses puck.
1:30 of 3rd period - Joonas Donskoi is hit by Jalen Chatfield and loses puck.
1:35 of 3rd period - Slapshot by Joe Morrow.
1:35 of 3rd period - Shot Blocked by Joonas Donskoi.
1:37 of 3rd period - Wrist shot by Matthew Highmore.
1:37 of 3rd period - Stopped by Calvin Pickard with a rebound.
1:49 of 3rd period - Slapshot by Alan Quine.
1:49 of 3rd period - Shot Blocked by Sebastian Aho.
1:51 of 3rd period - Slapshot by Jonny Brodzinski.
1:51 of 3rd period - Stopped by Laurent Brossoit with a rebound.
1:53 of 3rd period - Slapshot by Christian Wolanin.
1:53 of 3rd period - Deflect By Jonny Brodzinski.
1:53 of 3rd period - Shot Misses the Net.
1:53 of 3rd period - Puck is out of play.
1:54 of 3rd period - Brett Howden wins face-off versus Kyle Rau in Wolves zone.
2:23 of 3rd period - Wrist shot by Logan Shaw.
2:23 of 3rd period - Shot Blocked by Jeff Petry.
2:25 of 3rd period - Wrist shot by Sven Baertschi.
2:25 of 3rd period - Stopped by Laurent Brossoit without a rebound.
2:26 of 3rd period - Kyle Rau wins face-off versus Sam Bennett in Wolves zone.
2:33 of 3rd period - Snap shot by Sam Bennett.
2:33 of 3rd period - Shot Misses the Net.
2:35 of 3rd period - Snap shot by Sam Bennett.
2:35 of 3rd period - Stopped by Laurent Brossoit without a rebound.
2:36 of 3rd period - Kyle Rau wins face-off versus Sam Bennett in Wolves zone.
2:53 of 3rd period - Snap shot by Sam Bennett.
2:53 of 3rd period - Stopped by Laurent Brossoit with a rebound.
2:55 of 3rd period - Wrist shot by Sven Baertschi.
2:55 of 3rd period - Shot Blocked by Joe Morrow.
2:57 of 3rd period - Slapshot by Dalton Thrower.
2:57 of 3rd period - Stopped by Laurent Brossoit without a rebound.
2:58 of 3rd period - Thomas Spelling wins face-off versus Alan Quine in Wolves zone.
3:25 of 3rd period - Ben Hutton is hit by Victor Olofsson and loses puck.
3:34 of 3rd period - Snap shot by Joe Morrow.
3:34 of 3rd period - Stopped by Calvin Pickard with a rebound.
3:50 of 3rd period - Off-side.
3:51 of 3rd period - Reid Boucher wins face-off versus Kyle Rau in neutral zone.
3:54 of 3rd period - Snap shot by Brett Seney.
3:54 of 3rd period - Deflect By Reid Boucher.
3:54 of 3rd period - Shot Misses the Net.
3:54 of 3rd period - Puck is out of play.
3:55 of 3rd period - Reid Boucher wins face-off versus Kyle Rau in Wolves zone.
4:06 of 3rd period - Snap shot by Alexandre Grenier.
4:06 of 3rd period - Deflect By Lawson Crouse.
4:06 of 3rd period - Stopped by Calvin Pickard without a rebound.
4:07 of 3rd period - Sam Bennett wins face-off versus Kyle Rau in Devils zone.
4:07 of 3rd period - Sam Bennett is hit by Kyle Rau.
4:41 of 3rd period - Snap shot by Sebastian Aho.
4:41 of 3rd period - Stopped by Calvin Pickard with a rebound.
4:55 of 3rd period - Wrist shot by Brett Seney.
4:55 of 3rd period - Deflect By Conor Garland.
4:55 of 3rd period - Shot Blocked by Antti Suomela.
4:55 of 3rd period - Puck is out of play.
4:56 of 3rd period - Reid Boucher wins face-off versus Antti Suomela in Wolves zone.
5:01 of 3rd period - Snap shot by Brett Seney.
5:01 of 3rd period - Stopped by Laurent Brossoit with a rebound.
5:03 of 3rd period - Wrist shot by Reid Boucher.
5:03 of 3rd period - Stopped by Laurent Brossoit without a rebound.
5:04 of 3rd period - Kyle Rau wins face-off versus Sam Bennett in Wolves zone.
5:17 of 3rd period - Snap shot by Alexandre Grenier.
5:17 of 3rd period - Shot Misses the Net.
5:19 of 3rd period - Snap shot by Kyle Rau.
5:19 of 3rd period - Shot Misses the Net.
5:39 of 3rd period - Snap shot by Valeri Nichushkin.
5:39 of 3rd period - Goal by Valeri Nichushkin - Wolves : 4 - Devils : 4.
5:40 of 3rd period - Kyle Rau wins face-off versus Sam Bennett in neutral zone.
6:29 of 3rd period - Off-side.
6:30 of 3rd period - Sam Bennett wins face-off versus Alexandre Grenier in neutral zone.
6:43 of 3rd period - Snap shot by Sam Bennett.
6:43 of 3rd period - Deflect By Sven Baertschi.
6:43 of 3rd period - Stopped by Laurent Brossoit with a rebound.
6:45 of 3rd period - Slapshot by Sven Baertschi.
6:45 of 3rd period - Deflect By Logan Shaw.
6:45 of 3rd period - Shot Blocked by Jeffrey Foss.
6:45 of 3rd period - Puck is out of play.
6:46 of 3rd period - Sebastian Aho wins face-off versus Alan Quine in Wolves zone.
7:11 of 3rd period - Sam Bennett is hit by Jeffrey Foss and loses puck.
7:15 of 3rd period - Icing by Sven Baertschi.
7:16 of 3rd period - Sam Bennett wins face-off versus Kyle Rau in Devils zone.
7:38 of 3rd period - Slapshot by Ben Hutton.
7:38 of 3rd period - Shot Blocked by Anton Lindholm.
7:47 of 3rd period - Off-side.
7:48 of 3rd period - Thomas Spelling wins face-off versus Joonas Donskoi in neutral zone.
8:21 of 3rd period - Minor Penalty to Antti Suomela for Cross-checking.
8:22 of 3rd period - Sam Bennett wins face-off versus Alexandre Grenier in Wolves zone.
8:52 of 3rd period - Icing by Brandon Carlo.
8:53 of 3rd period - Alan Quine wins face-off versus Alexandre Grenier in Devils zone.
8:53 of 3rd period - Alan Quine is hit by Alexandre Grenier.
10:21 of 3rd period - Penalty to Antti Suomela is over, Antti Suomela is back on ice.
10:44 of 3rd period - Minor Penalty to Alexandre Grenier for Holding.
10:45 of 3rd period - Sebastian Aho wins face-off versus Sam Bennett in Wolves zone.
11:19 of 3rd period - Slapshot by Eric Robinson.
11:19 of 3rd period - Deflect By Zachary Senyshyn.
11:19 of 3rd period - Shot Hit the Post.
11:19 of 3rd period - Puck is out of play.
11:20 of 3rd period - Zachary Senyshyn wins face-off versus Sam Bennett in Devils zone.
11:39 of 3rd period - Slapshot by Alan Quine.
11:39 of 3rd period - Stopped by Laurent Brossoit without a rebound.
11:40 of 3rd period - Alan Quine wins face-off versus Kyle Rau in Wolves zone.
11:45 of 3rd period - Wrist shot by Valeri Nichushkin.
11:45 of 3rd period - Stopped by Laurent Brossoit without a rebound.
11:46 of 3rd period - Sam Bennett wins face-off versus Zachary Senyshyn in Wolves zone.
11:51 of 3rd period - Snap shot by Logan Shaw.
11:51 of 3rd period - Shot Misses the Net.
11:59 of 3rd period - Snap shot by Sam Bennett.
11:59 of 3rd period - Shot Hit the Post.
12:01 of 3rd period - Slapshot by Brandon Carlo.
12:01 of 3rd period - Goal by Brandon Carlo - Wolves : 4 - Devils : 5.
12:02 of 3rd period - Kyle Rau wins face-off versus Sam Bennett in neutral zone.
12:29 of 3rd period - Minor Penalty to Jeffrey Foss for Holding.
12:30 of 3rd period - Alexandre Grenier wins face-off versus Sam Bennett in Wolves zone.
12:44 of 3rd period - Snap shot by Sam Bennett.
12:44 of 3rd period - Stopped by Laurent Brossoit without a rebound.
12:45 of 3rd period - Alexandre Grenier wins face-off versus Sven Baertschi in Wolves zone.
14:17 of 3rd period - Joe Morrow is hit by Sven Baertschi and loses puck.
14:29 of 3rd period - Penalty to Jeffrey Foss is over, Jeffrey Foss is back on ice.
15:06 of 3rd period - Slapshot by Robbie Russo.
15:06 of 3rd period - Shot Misses the Net.
15:08 of 3rd period - Snap shot by Jake Bean.
15:08 of 3rd period - Shot Blocked by Fredrik Olofsson.
15:10 of 3rd period - Snap shot by Brett Howden.
15:10 of 3rd period - Shot Misses the Net.
15:12 of 3rd period - Wrist shot by Jonny Brodzinski.
15:12 of 3rd period - Shot Blocked by Anton Lindholm.
15:44 of 3rd period - Snap shot by Alexandre Grenier.
15:44 of 3rd period - Stopped by Calvin Pickard without a rebound.
15:45 of 3rd period - Kyle Rau wins face-off versus Reid Boucher in Devils zone.
16:08 of 3rd period - Christian Wolanin is hit by Antti Suomela and loses puck.
16:19 of 3rd period - Snap shot by Victor Olofsson.
16:19 of 3rd period - Shot Misses the Net.
16:21 of 3rd period - Wrist shot by Victor Olofsson.
16:21 of 3rd period - Shot Misses the Net.
16:31 of 3rd period - Wrist shot by Alan Quine.
16:31 of 3rd period - Shot Misses the Net.
16:33 of 3rd period - Slapshot by Ben Hutton.
16:33 of 3rd period - Shot Blocked by Thomas Spelling.
16:35 of 3rd period - Wrist shot by Valeri Nichushkin.
16:35 of 3rd period - Stopped by Laurent Brossoit without a rebound.
16:36 of 3rd period - Alan Quine wins face-off versus Kyle Rau in Wolves zone.
16:39 of 3rd period - Snap shot by Joonas Donskoi.
16:39 of 3rd period - Stopped by Laurent Brossoit with a rebound.
16:41 of 3rd period - Snap shot by Alan Quine.
16:41 of 3rd period - Stopped by Laurent Brossoit with a rebound.
16:43 of 3rd period - Slapshot by Alan Quine.
16:43 of 3rd period - Shot Misses the Net.
16:45 of 3rd period - Snap shot by Valeri Nichushkin.
16:45 of 3rd period - Stopped by Laurent Brossoit without a rebound.
16:46 of 3rd period - Kyle Rau wins face-off versus Reid Boucher in Wolves zone.
16:59 of 3rd period - Wrist shot by Lawson Crouse.
16:59 of 3rd period - Stopped by Calvin Pickard without a rebound.
17:00 of 3rd period - Antti Suomela wins face-off versus Sam Bennett in Devils zone.
17:01 of 3rd period - Slapshot by Joe Morrow.
17:01 of 3rd period - Stopped by Calvin Pickard without a rebound.
17:02 of 3rd period - Sam Bennett wins face-off versus Fredrik Olofsson in Devils zone.
17:11 of 3rd period - Slapshot by Joe Morrow.
17:11 of 3rd period - Shot Misses the Net.
17:27 of 3rd period - Jeffrey Foss is hit by Conor Garland and loses puck.
17:54 of 3rd period - Jeffrey Foss is hit by Valeri Nichushkin and loses puck.
18:16 of 3rd period - Slapshot by Thomas Spelling.
18:16 of 3rd period - Stopped by Calvin Pickard without a rebound.
18:17 of 3rd period - Antti Suomela wins face-off versus Reid Boucher in Devils zone.
18:42 of 3rd period - Ben Hutton is hit by Lawson Crouse and loses puck.
18:45 of 3rd period - Wolves, Laurent Brossoit is pulled from the net.
19:05 of 3rd period - Snap shot by Alexandre Grenier.
19:05 of 3rd period - Shot Misses the Net.
19:07 of 3rd period - Snap shot by Jeffrey Foss.
19:07 of 3rd period - Shot Misses the Net.
19:09 of 3rd period - Snap shot by Alexandre Grenier.
19:09 of 3rd period - Deflect By Kyle Rau.
19:09 of 3rd period - Shot Blocked by Ben Hutton.
19:09 of 3rd period - Puck is out of play.
19:10 of 3rd period - Ron Wilson call a timeout for Wolves.
19:10 of 3rd period - Sam Bennett wins face-off versus Kyle Rau in Devils zone.
19:23 of 3rd period - Wrist shot by Kyle Rau.
19:23 of 3rd period - Goal by Kyle Rau - Wolves : 5 - Devils : 5.
19:23 of 3rd period - Laurent Brossoit from Wolves was sent back in the game.
19:24 of 3rd period - Reid Boucher wins face-off versus Antti Suomela in neutral zone.
19:57 of 3rd period - Slapshot by Joonas Donskoi.
19:57 of 3rd period - Deflect By Valeri Nichushkin.
19:57 of 3rd period - Stopped by Laurent Brossoit without a rebound.
19:58 of 3rd period - Sebastian Aho wins face-off versus Alan Quine in Wolves zone.
19:58 of 3rd period - Sebastian Aho is hit by Darren Dietz.
Goals for this period are 1 for Wolves vs 2 for Devils.
Shots for this period are 12 for Wolves vs 18 for Devils.

Overtime #1


0:01 of 1st overtime period - Sam Bennett wins face-off versus Alexandre Grenier in neutral zone.
1:12 of 1st overtime period - Anton Lindholm is hit by Brandon Carlo and loses puck.
2:55 of 1st overtime period - Jeffrey Foss is hit by Robbie Russo.
4:55 of 1st overtime period - Slapshot by Sebastian Aho.
4:55 of 1st overtime period - Deflect By Lawson Crouse.
4:55 of 1st overtime period - Stopped by Calvin Pickard without a rebound.
4:56 of 1st overtime period - Alexandre Grenier wins face-off versus Sam Bennett in Devils zone.
Goals for this period are 0 for Wolves vs 0 for Devils.
Shots for this period are 1 for Wolves vs 0 for Devils.

ShootOut


5:00 of 1st overtime period - Round #1.
5:00 of 1st overtime period - Wolves, Alexandre Grenier.
5:00 of 1st overtime period - Snap shot by Alexandre Grenier.
5:00 of 1st overtime period - Stopped by Calvin Pickard.
5:00 of 1st overtime period - Devils, Logan Shaw.
5:00 of 1st overtime period - Wrist shot by Logan Shaw.
5:00 of 1st overtime period - Stopped by Laurent Brossoit.
5:00 of 1st overtime period - Round #2.
5:00 of 1st overtime period - Wolves, Kyle Rau.
5:00 of 1st overtime period - Backhand shot by Kyle Rau.
5:00 of 1st overtime period - Stopped by Calvin Pickard.
5:00 of 1st overtime period - Devils, Sven Baertschi.
5:00 of 1st overtime period - Wrist shot by Sven Baertschi.
5:00 of 1st overtime period - Stopped by Laurent Brossoit.
5:00 of 1st overtime period - Round #3.
5:00 of 1st overtime period - Wolves, Sebastian Aho.
5:00 of 1st overtime period - Wrist shot by Sebastian Aho.
5:00 of 1st overtime period - Stopped by Calvin Pickard.
5:00 of 1st overtime period - Devils, Sam Bennett.
5:00 of 1st overtime period - Deke by Sam Bennett.
5:00 of 1st overtime period - Stopped by Laurent Brossoit.
5:00 of 1st overtime period - Round #4.
5:00 of 1st overtime period - Wolves, Lawson Crouse.
5:00 of 1st overtime period - Deke by Lawson Crouse.
5:00 of 1st overtime period - Stopped by Calvin Pickard.
5:00 of 1st overtime period - Devils, Joonas Donskoi.
5:00 of 1st overtime period - Snap shot by Joonas Donskoi.
5:00 of 1st overtime period - Goal by Joonas Donskoi.